[ AOE2 MATCH · #481118046 ]
Team RMAztecs vs Spanish
[ REPLAY ANALYSIS · EXTRACTED FROM THE RECORDED GAME ]
Feudal
11:19
Castle
16:25
Imperial
—
| APM avg | 29.9 |
| APM peak | 82 |
| eAPM avg | 13.1 |
| Villagers / military | 80 / 22 |
Focus
⚔️ 18.3% · 🌾 81.7%
Skirmisher ×12 · Monk ×5 · Jaguar Warrior ×5
Feudal
11:12
Castle
16:22
Imperial
29:07
| APM avg | 26.5 |
| APM peak | 59 |
| eAPM avg | 16.7 |
| Villagers / military | 142 / 143 |
Focus
⚔️ 30.6% · 🌾 69.4%
Elephant Archer ×102 · Battle Elephant ×37 · Trebuchet (Packed) ×3 · Monk ×1
Feudal
11:29
Castle
15:06
Imperial
32:09
| APM avg | 49.9 |
| APM peak | 100 |
| eAPM avg | 22.1 |
| Villagers / military | 132 / 264 |
Focus
⚔️ 33.3% · 🌾 66.7%
Spearman ×161 · Scout Cavalry ×98 · Knight ×2 · Bombard Cannon ×2 · Mangonel ×1
Feudal
10:42
Castle
14:33
Imperial
34:30
| APM avg | 32.5 |
| APM peak | 68 |
| eAPM avg | 16.6 |
| Villagers / military | 110 / 81 |
Focus
⚔️ 33.9% · 🌾 66.1%
Missionary ×38 · Conquistador ×17 · Battering Ram ×14 · Monk ×6 · Petard ×3 · Hand Cannoneer ×3
Feudal
13:33
Castle
18:03
Imperial
—
| APM avg | 27.0 |
| APM peak | 77 |
| eAPM avg | 15.5 |
| Villagers / military | 98 / 17 |
Focus
⚔️ 7.6% · 🌾 92.4%
Battle Elephant ×17
Feudal
11:36
Castle
15:06
Imperial
28:40
| APM avg | 33.2 |
| APM peak | 98 |
| eAPM avg | 17.5 |
| Villagers / military | 136 / 195 |
Focus
⚔️ 18.1% · 🌾 81.9%
Camel Scout ×194 · Monk ×1
Feudal
11:09
Castle
14:41
Imperial
29:32
| APM avg | 40.1 |
| APM peak | 77 |
| eAPM avg | 24.5 |
| Villagers / military | 147 / 207 |
Focus
⚔️ 39.1% · 🌾 60.9%
Elephant Archer ×125 · Skirmisher ×44 · Spearman ×34 · Trebuchet (Packed) ×3 · Mangonel ×1
Feudal
13:03
Castle
16:58
Imperial
29:32
| APM avg | 29.5 |
| APM peak | 53 |
| eAPM avg | 15.6 |
| Villagers / military | 103 / 76 |
Focus
⚔️ 34.1% · 🌾 65.9%
Scorpion ×51 · Woad Raider ×12 · Battering Ram ×9 · Spearman ×4
Match map
Initial resources + every placement click. Lines = walls · curves = elevation contours. ◆ gold · ⬟ stone · ● berries · ✦ relic · ◌ wall gap
Your base· ✓ Closed at 16:25 · 0t walls · 3 gate(s)
Al3tas0's base· ✓ Closed at 16:22 · 0t walls · 2 gate(s)
chan pee's base· ✓ Closed at 15:06 · 0t walls · 2 gate(s)
white0210's base· ✓ Closed at 14:33 · 0t walls · 2 gate(s)
Longlonglong's base· ✓ Closed at 18:03 · 0t walls · 2 gate(s)
henryouyang716's base· ✓ Closed at 15:06 · 0t walls · 3 gate(s)
Haven's base· ✓ Closed at 14:41 · 0t walls · 2 gate(s)
aj180497's base· ✓ Closed at 16:58 · 0t walls · 2 gate(s)
Smoothed initial terrain · ◌ = detected wall gap · hover for details
Inputs per minute
— zack - - Al3tas0
Build order — zack
First 150 of 162 actions detected
| 0:03 | Create | Villager (Male) |
| 0:04 | Create | Villager (Male) |
| 0:04 | Create | Villager (Male) |
| 0:05 | Build | House |
| 0:07 | Build | House |
| 0:07 | Create | Villager (Male) |
| 0:08 | Create | Villager (Male) |
| 0:08 | Create | Villager (Male) |
| 1:25 | Create | Villager (Male) |
| 1:26 | Create | Villager (Male) |
| 1:55 | Build | Lumber Camp |
| 1:59 | Create | Villager (Male) |
| 2:19 | Create | Villager (Male) |
| 2:20 | Create | Villager (Male) |
| 2:39 | Create | Villager (Male) |
| 2:39 | Create | Villager (Male) |
| 3:03 | Build | House |
| 3:12 | Create | Villager (Male) |
| 3:47 | Create | Villager (Male) |
| 3:48 | Create | Villager (Male) |
| 4:01 | Create | Villager (Male) |
| 4:01 | Create | Villager (Male) |
| 4:07 | Build | Mill |
| 4:25 | Create | Villager (Male) |
| 5:10 | Create | Villager (Male) |
| 5:19 | Create | Villager (Male) |
| 5:19 | Create | Villager (Male) |
| 5:35 | Build | House |
| 5:42 | Create | Villager (Male) |
| 5:42 | Create | Villager (Male) |
| 6:08 | Create | Villager (Male) |
| 6:21 | Create | Villager (Male) |
| 7:01 | Build | House |
| 7:27 | Build | Mining Camp |
| 7:29 | Create | Villager (Male) |
| 7:30 | Create | Villager (Male) |
| 8:15 | Create | Villager (Male) |
| 8:18 | Create | Villager (Male) |
| 8:49 | Research | Feudal Age |
| 9:14 | Create | Villager (Male) |
| 9:15 | Create | Villager (Male) |
| 9:16 | Create | Villager (Male) |
| 9:16 | Create | Villager (Male) |
| 9:16 | Create | Villager (Male) |
| 9:16 | Create | Villager (Male) |
| 9:41 | Build | Farm |
| 9:42 | Build | Farm |
| 9:44 | Build | Farm |
| 10:30 | Build | Farm |
| 11:17 | Build | Farm |
| 11:19 | Age | Feudal Age |
| 11:23 | Research | Double-Bit Axe |
| 11:26 | Research | Horse Collar |
| 11:31 | Build | Blacksmith |
| 11:35 | Build | Market |
| 11:51 | Build | House |
| 12:35 | Build | Mining Camp |
| 12:50 | Build | Farm |
| 13:03 | Create | Villager (Male) |
| 13:08 | Build | Farm |
| 13:34 | Build | Barracks |
| 13:45 | Research | Castle Age |
| 14:42 | Build | Archery Range |
| 15:06 | Create | Villager (Male) |
| 15:06 | Create | Villager (Male) |
| 15:52 | Create | Skirmisher |
| 15:52 | Create | Skirmisher |
| 16:23 | Create | Skirmisher |
| 16:25 | Age | Castle Age |
| 16:35 | Build | Town Center |
| 17:03 | Build | Town Center |
| 17:33 | Build | Siege Workshop |
| 17:36 | Create | Villager (Male) |
| 17:37 | Create | Villager (Male) |
| 17:40 | Build | House |
| 17:46 | Create | Skirmisher |
| 17:46 | Create | Skirmisher |
| 17:46 | Create | Skirmisher |
| 17:57 | Create | Villager (Male) |
| 17:58 | Create | Villager (Male) |
| 18:05 | Build | Archery Range |
| 18:13 | Create | Skirmisher |
| 18:26 | Build | Gate |
| 18:28 | Build | House |
| 18:38 | Build | Monastery |
| 18:49 | Research | Padded Archer Armor |
| 19:18 | Build | House |
| 19:32 | Create | Monk |
| 19:52 | Build | Castle |
| 19:56 | Create | Villager (Male) |
| 19:56 | Create | Villager (Male) |
| 19:56 | Create | Villager (Male) |
| 19:58 | Create | Villager (Male) |
| 19:58 | Create | Villager (Male) |
| 19:59 | Create | Villager (Male) |
| 20:07 | Build | Mining Camp |
| 20:21 | Create | Villager (Male) |
| 20:25 | Create | Skirmisher |
| 20:25 | Create | Skirmisher |
| 20:30 | Create | Monk |
| 21:44 | Create | Skirmisher |
| 21:44 | Create | Skirmisher |
| 21:44 | Create | Skirmisher |
| 21:49 | Create | Monk |
| 21:54 | Create | Villager (Male) |
| 22:29 | Create | Villager (Male) |
| 22:30 | Create | Villager (Male) |
| 22:30 | Create | Villager (Male) |
| 22:51 | Build | Farm |
| 22:52 | Build | Farm |
| 22:54 | Build | Farm |
| 22:56 | Create | Villager (Male) |
| 23:34 | Create | Monk |
| 23:37 | Create | Villager (Male) |
| 23:37 | Create | Villager (Male) |
| 23:38 | Create | Villager (Male) |
| 23:38 | Create | Villager (Male) |
| 23:55 | Create | Villager (Male) |
| 24:03 | Build | Farm |
| 24:08 | Build | Farm |
| 24:09 | Build | Farm |
| 24:14 | Create | Villager (Male) |
| 24:14 | Create | Villager (Male) |
| 24:29 | Create | Monk |
| 24:57 | Create | Villager (Male) |
| 25:06 | Build | House |
| 25:07 | Build | House |
| 25:08 | Create | Villager (Male) |
| 25:08 | Create | Villager (Male) |
| 25:14 | Build | Mining Camp |
| 25:25 | Build | Farm |
| 25:26 | Build | Farm |
| 25:27 | Build | Farm |
| 25:28 | Create | Villager (Male) |
| 25:28 | Create | Villager (Male) |
| 25:29 | Create | Villager (Male) |
| 25:54 | Create | Villager (Male) |
| 26:25 | Create | Jaguar Warrior |
| 26:26 | Create | Jaguar Warrior |
| 26:26 | Create | Jaguar Warrior |
| 27:46 | Build | Gate |
| 27:48 | Build | Stone Wall |
| 27:55 | Build | Castle |
| 28:01 | Build | Farm |
| 28:04 | Create | Villager (Male) |
| 28:04 | Create | Villager (Male) |
| 28:05 | Create | Villager (Male) |
| 28:56 | Create | Jaguar Warrior |
| 28:56 | Create | Jaguar Warrior |
| 29:14 | Create | Villager (Male) |
Build order — Al3tas0
First 150 of 353 actions detected
| 0:02 | Create | Villager (Male) |
| 0:02 | Create | Villager (Male) |
| 0:02 | Create | Villager (Male) |
| 0:02 | Create | Villager (Male) |
| 0:03 | Create | Villager (Male) |
| 0:07 | Build | House |
| 0:08 | Build | House |
| 1:24 | Create | Villager (Male) |
| 2:06 | Create | Villager (Male) |
| 2:06 | Create | Villager (Male) |
| 2:21 | Create | Villager (Male) |
| 2:21 | Create | Villager (Male) |
| 3:07 | Create | Villager (Male) |
| 3:08 | Create | Villager (Male) |
| 3:15 | Build | House |
| 3:16 | Build | House |
| 3:20 | Build | Lumber Camp |
| 3:22 | Create | Villager (Male) |
| 3:23 | Create | Villager (Male) |
| 3:55 | Create | Villager (Male) |
| 3:56 | Create | Villager (Male) |
| 4:22 | Create | Villager (Male) |
| 4:23 | Create | Villager (Male) |
| 4:23 | Create | Villager (Male) |
| 4:54 | Create | Villager (Male) |
| 4:54 | Create | Villager (Male) |
| 5:03 | Create | Villager (Male) |
| 5:04 | Create | Villager (Male) |
| 5:27 | Build | Mill |
| 5:38 | Create | Villager (Male) |
| 5:39 | Create | Villager (Male) |
| 5:58 | Create | Villager (Male) |
| 5:58 | Create | Villager (Male) |
| 5:58 | Create | Villager (Male) |
| 6:54 | Create | Villager (Male) |
| 6:55 | Create | Villager (Male) |
| 7:37 | Create | Villager (Male) |
| 8:16 | Build | Mining Camp |
| 8:24 | Create | Villager (Male) |
| 8:24 | Create | Villager (Male) |
| 9:02 | Research | Feudal Age |
| 9:03 | Research | Feudal Age |
| 9:17 | Build | House |
| 9:18 | Build | House |
| 9:26 | Build | Farm |
| 10:58 | Create | Villager (Male) |
| 11:12 | Age | Feudal Age |
| 11:14 | Build | Blacksmith |
| 11:18 | Build | Market |
| 11:21 | Create | Villager (Male) |
| 11:35 | Build | Farm |
| 11:35 | Build | Farm |
| 11:36 | Build | Farm |
| 11:37 | Build | Farm |
| 11:40 | Build | Farm |
| 11:56 | Create | Villager (Male) |
| 12:26 | Create | Villager (Male) |
| 12:34 | Build | Farm |
| 12:48 | Create | Villager (Male) |
| 12:55 | Build | Mining Camp |
| 12:58 | Create | Villager (Male) |
| 13:28 | Research | Castle Age |
| 13:28 | Research | Castle Age |
| 13:51 | Build | Farm |
| 14:03 | Research | Double-Bit Axe |
| 14:03 | Research | Double-Bit Axe |
| 14:07 | Research | Horse Collar |
| 14:07 | Research | Horse Collar |
| 14:39 | Build | Farm |
| 14:43 | Research | Gold Mining |
| 14:43 | Research | Gold Mining |
| 15:02 | Build | House |
| 15:03 | Build | House |
| 15:48 | Research | Wheelbarrow |
| 16:22 | Age | Castle Age |
| 16:32 | Build | Town Center |
| 17:06 | Build | Town Center |
| 17:14 | Research | Bow Saw |
| 17:14 | Research | Bow Saw |
| 17:20 | Create | Villager (Male) |
| 17:51 | Research | Heavy Plow |
| 17:53 | Create | Villager (Male) |
| 18:07 | Create | Villager (Male) |
| 18:21 | Create | Villager (Male) |
| 18:23 | Create | Villager (Male) |
| 18:25 | Build | Farm |
| 18:50 | Create | Villager (Male) |
| 18:51 | Build | Farm |
| 18:53 | Create | Villager (Male) |
| 19:01 | Create | Villager (Male) |
| 19:06 | Create | Villager (Male) |
| 19:07 | Create | Villager (Male) |
| 19:08 | Create | Villager (Male) |
| 19:27 | Build | Barracks |
| 19:30 | Create | Villager (Male) |
| 19:33 | Create | Villager (Male) |
| 19:37 | Create | Villager (Male) |
| 19:37 | Create | Villager (Male) |
| 19:43 | Build | Farm |
| 20:02 | Create | Villager (Male) |
| 20:11 | Build | Farm |
| 20:12 | Build | Farm |
| 20:13 | Create | Villager (Male) |
| 20:16 | Build | Farm |
| 20:19 | Build | Farm |
| 20:20 | Create | Villager (Male) |
| 20:43 | Build | Stable |
| 20:46 | Create | Villager (Male) |
| 20:49 | Build | Farm |
| 20:51 | Create | Villager (Male) |
| 20:53 | Create | Villager (Male) |
| 20:57 | Build | Farm |
| 20:59 | Create | Villager (Male) |
| 21:05 | Create | Villager (Male) |
| 21:05 | Create | Villager (Male) |
| 21:06 | Create | Villager (Male) |
| 21:21 | Build | House |
| 21:22 | Build | House |
| 21:24 | Build | House |
| 21:25 | Build | House |
| 21:29 | Create | Villager (Male) |
| 21:29 | Create | Villager (Male) |
| 21:29 | Create | Villager (Male) |
| 21:29 | Create | Villager (Male) |
| 21:30 | Create | Villager (Male) |
| 21:34 | Build | Farm |
| 21:42 | Build | Farm |
| 21:50 | Build | Farm |
| 21:57 | Research | Hand Cart |
| 21:58 | Research | Hand Cart |
| 22:02 | Build | Farm |
| 22:06 | Create | Villager (Male) |
| 22:11 | Create | Villager (Male) |
| 22:22 | Build | House |
| 22:23 | Build | House |
| 22:24 | Build | House |
| 22:25 | Build | House |
| 22:27 | Build | House |
| 22:28 | Build | House |
| 22:32 | Create | Villager (Male) |
| 22:33 | Create | Villager (Male) |
| 22:34 | Create | Villager (Male) |
| 22:46 | Create | Battle Elephant |
| 22:46 | Create | Battle Elephant |
| 22:54 | Create | Villager (Male) |
| 22:55 | Create | Villager (Male) |
| 22:55 | Create | Villager (Male) |
| 23:09 | Build | Castle |
| 23:12 | Build | Mining Camp |
| 23:26 | Build | Monastery |
Build order — chan pee
First 150 of 405 actions detected
| 0:05 | Create | Villager (Male) |
| 0:05 | Create | Villager (Male) |
| 0:07 | Build | House |
| 0:10 | Build | House |
| 0:22 | Create | Villager (Male) |
| 0:22 | Create | Villager (Male) |
| 0:22 | Create | Villager (Male) |
| 1:44 | Create | Villager (Male) |
| 1:51 | Build | Lumber Camp |
| 1:59 | Create | Villager (Male) |
| 1:59 | Create | Villager (Male) |
| 2:24 | Build | House |
| 2:34 | Create | Villager (Male) |
| 2:35 | Create | Villager (Male) |
| 2:57 | Build | House |
| 3:18 | Create | Villager (Male) |
| 3:28 | Create | Villager (Male) |
| 3:28 | Create | Villager (Male) |
| 3:56 | Create | Villager (Male) |
| 3:57 | Create | Villager (Male) |
| 3:57 | Create | Villager (Male) |
| 4:38 | Create | Villager (Male) |
| 4:39 | Create | Villager (Male) |
| 4:39 | Create | Villager (Male) |
| 4:39 | Create | Villager (Male) |
| 5:02 | Build | Mill |
| 5:59 | Create | Villager (Male) |
| 6:00 | Create | Villager (Male) |
| 6:02 | Create | Villager (Male) |
| 6:10 | Create | Villager (Male) |
| 6:32 | Create | Villager (Male) |
| 6:54 | Create | Villager (Male) |
| 7:17 | Build | Farm |
| 7:45 | Build | Farm |
| 7:58 | Create | Villager (Male) |
| 8:24 | Build | Mining Camp |
| 8:28 | Create | Villager (Male) |
| 8:34 | Create | Villager (Male) |
| 8:59 | Build | Farm |
| 9:00 | Create | Villager (Male) |
| 9:05 | Research | Feudal Age |
| 9:30 | Build | Farm |
| 9:33 | Create | Villager (Male) |
| 9:39 | Build | House |
| 11:12 | Create | Villager (Male) |
| 11:29 | Age | Feudal Age |
| 11:34 | Build | Market |
| 11:35 | Build | Blacksmith |
| 12:26 | Research | Castle Age |
| 12:27 | Research | Castle Age |
| 12:36 | Create | Villager (Male) |
| 12:44 | Build | House |
| 12:51 | Build | House |
| 13:22 | Build | Mining Camp |
| 13:32 | Create | Villager (Male) |
| 14:47 | Build | Farm |
| 14:49 | Research | Horse Collar |
| 15:06 | Age | Castle Age |
| 15:12 | Create | Villager (Male) |
| 15:16 | Build | Town Center |
| 15:42 | Create | Villager (Male) |
| 15:50 | Build | Town Center |
| 16:02 | Create | Villager (Male) |
| 16:03 | Research | Loom |
| 16:23 | Create | Villager (Male) |
| 16:36 | Create | Villager (Male) |
| 16:41 | Create | Villager (Male) |
| 16:48 | Create | Villager (Male) |
| 16:52 | Build | Farm |
| 16:54 | Build | Farm |
| 16:54 | Build | Farm |
| 16:56 | Build | Farm |
| 16:58 | Create | Villager (Male) |
| 17:10 | Build | Siege Workshop |
| 17:57 | Build | Farm |
| 18:13 | Build | House |
| 18:15 | Build | House |
| 18:32 | Create | Villager (Male) |
| 18:33 | Create | Villager (Male) |
| 18:34 | Research | Wheelbarrow |
| 18:38 | Create | Villager (Male) |
| 18:40 | Create | Villager (Male) |
| 18:49 | Build | Farm |
| 18:56 | Create | Villager (Male) |
| 19:08 | Create | Mangonel |
| 19:20 | Create | Villager (Male) |
| 19:30 | Build | Farm |
| 19:30 | Build | Farm |
| 19:30 | Build | Farm |
| 20:04 | Build | Gate |
| 20:32 | Create | Villager (Male) |
| 20:33 | Create | Villager (Male) |
| 20:34 | Create | Villager (Male) |
| 20:54 | Build | Farm |
| 20:59 | Build | House |
| 21:00 | Build | House |
| 21:23 | Build | Castle |
| 21:28 | Build | Farm |
| 21:29 | Create | Villager (Male) |
| 21:33 | Build | Farm |
| 21:33 | Build | Farm |
| 21:34 | Build | Farm |
| 21:34 | Build | Farm |
| 21:35 | Create | Villager (Male) |
| 21:45 | Create | Villager (Male) |
| 21:46 | Create | Villager (Male) |
| 21:47 | Create | Villager (Male) |
| 21:55 | Build | Farm |
| 21:55 | Build | Farm |
| 21:55 | Build | Farm |
| 21:55 | Build | Farm |
| 21:56 | Build | Farm |
| 21:58 | Build | Farm |
| 22:06 | Build | University |
| 22:07 | Create | Villager (Male) |
| 22:25 | Build | Monastery |
| 22:26 | Create | Villager (Male) |
| 22:30 | Create | Villager (Male) |
| 22:34 | Create | Villager (Male) |
| 22:42 | Build | Town Center |
| 22:44 | Create | Villager (Male) |
| 22:47 | Create | Villager (Male) |
| 22:49 | Create | Villager (Male) |
| 22:50 | Create | Villager (Male) |
| 22:50 | Create | Villager (Male) |
| 23:11 | Build | House |
| 23:14 | Build | House |
| 23:15 | Build | House |
| 23:16 | Build | House |
| 23:17 | Build | House |
| 23:19 | Build | House |
| 23:24 | Create | Villager (Male) |
| 23:28 | Create | Villager (Male) |
| 23:28 | Create | Villager (Male) |
| 23:29 | Create | Villager (Male) |
| 23:30 | Create | Villager (Male) |
| 23:37 | Build | Farm |
| 23:37 | Build | Farm |
| 23:37 | Build | Farm |
| 23:38 | Build | Farm |
| 23:47 | Create | Villager (Male) |
| 23:47 | Create | Villager (Male) |
| 23:48 | Create | Villager (Male) |
| 23:48 | Create | Villager (Male) |
| 23:49 | Create | Villager (Male) |
| 23:49 | Create | Villager (Male) |
| 24:01 | Build | Farm |
| 24:01 | Create | Villager (Male) |
| 24:05 | Create | Villager (Male) |
| 24:14 | Create | Villager (Male) |
Build order — white0210
First 150 of 277 actions detected
| 0:02 | Build | House |
| 0:04 | Build | House |
| 0:08 | Create | Villager (Male) |
| 0:08 | Create | Villager (Male) |
| 0:54 | Create | Villager (Male) |
| 1:11 | Create | Villager (Male) |
| 1:36 | Create | Villager (Male) |
| 1:47 | Create | Villager (Male) |
| 1:57 | Build | House |
| 2:09 | Create | Villager (Male) |
| 2:22 | Build | House |
| 2:31 | Create | Villager (Male) |
| 2:46 | Build | House |
| 2:48 | Build | Lumber Camp |
| 2:58 | Create | Villager (Male) |
| 3:46 | Create | Villager (Male) |
| 4:17 | Create | Villager (Male) |
| 5:00 | Create | Villager (Male) |
| 5:21 | Create | Villager (Male) |
| 5:25 | Build | Mill |
| 5:32 | Create | Villager (Male) |
| 5:45 | Create | Villager (Male) |
| 6:10 | Create | Villager (Male) |
| 6:51 | Build | Farm |
| 7:17 | Create | Villager (Male) |
| 7:19 | Create | Villager (Male) |
| 7:20 | Create | Villager (Male) |
| 7:33 | Build | Farm |
| 7:48 | Build | Farm |
| 8:28 | Research | Feudal Age |
| 8:42 | Build | Mining Camp |
| 8:56 | Create | Villager (Male) |
| 8:56 | Create | Villager (Male) |
| 10:42 | Age | Feudal Age |
| 10:52 | Build | Blacksmith |
| 11:19 | Build | Market |
| 11:44 | Create | Villager (Male) |
| 11:53 | Research | Castle Age |
| 11:53 | Research | Castle Age |
| 12:07 | Research | Double-Bit Axe |
| 12:48 | Build | Mining Camp |
| 13:16 | Research | Horse Collar |
| 13:16 | Research | Horse Collar |
| 14:15 | Build | House |
| 14:22 | Research | Loom |
| 14:33 | Age | Castle Age |
| 14:57 | Create | Villager (Male) |
| 14:59 | Create | Villager (Male) |
| 15:14 | Build | Monastery |
| 15:33 | Build | Castle |
| 15:39 | Create | Villager (Male) |
| 15:48 | Create | Villager (Male) |
| 15:52 | Research | Bow Saw |
| 16:10 | Build | House |
| 16:12 | Create | Monk |
| 16:22 | Build | House |
| 16:27 | Create | Villager (Male) |
| 16:55 | Build | Lumber Camp |
| 17:01 | Create | Villager (Male) |
| 17:07 | Build | Farm |
| 17:09 | Build | House |
| 17:18 | Create | Villager (Male) |
| 17:30 | Create | Conquistador |
| 17:30 | Create | Conquistador |
| 17:44 | Create | Villager (Male) |
| 17:52 | Build | Farm |
| 17:53 | Build | Farm |
| 17:58 | Build | House |
| 17:59 | Build | House |
| 18:15 | Create | Conquistador |
| 18:23 | Build | Farm |
| 18:24 | Build | Farm |
| 18:48 | Create | Conquistador |
| 18:52 | Build | Farm |
| 19:19 | Build | University |
| 19:21 | Build | House |
| 19:35 | Create | Villager (Male) |
| 20:08 | Create | Villager (Male) |
| 20:09 | Create | Villager (Male) |
| 20:15 | Build | Town Center |
| 20:21 | Create | Villager (Male) |
| 20:24 | Build | House |
| 20:26 | Research | Ballistics |
| 20:42 | Build | Siege Workshop |
| 20:48 | Create | Conquistador |
| 21:05 | Research | Fervor |
| 21:06 | Create | Villager (Male) |
| 21:36 | Create | Villager (Male) |
| 21:43 | Build | Farm |
| 21:44 | Build | Farm |
| 21:45 | Build | Farm |
| 21:55 | Create | Conquistador |
| 21:59 | Create | Battering Ram |
| 22:10 | Create | Villager (Male) |
| 22:15 | Build | Farm |
| 22:15 | Build | Farm |
| 22:20 | Build | House |
| 22:23 | Build | House |
| 22:42 | Create | Villager (Male) |
| 22:48 | Research | Wheelbarrow |
| 22:51 | Create | Villager (Male) ×3 |
| 23:00 | Create | Battering Ram |
| 23:03 | Create | Conquistador |
| 23:15 | Build | House |
| 23:29 | Create | Conquistador |
| 23:39 | Create | Battering Ram |
| 23:40 | Create | Battering Ram |
| 23:42 | Create | Villager (Male) |
| 23:52 | Build | House |
| 23:53 | Build | House |
| 23:56 | Build | House |
| 24:07 | Create | Villager (Male) |
| 24:14 | Create | Battering Ram |
| 24:41 | Create | Conquistador |
| 24:43 | Create | Battering Ram |
| 24:44 | Create | Villager (Male) |
| 24:53 | Build | Town Center |
| 24:59 | Build | Lumber Camp |
| 25:05 | Create | Conquistador |
| 25:08 | Create | Villager (Male) |
| 25:13 | Research | Heavy Plow |
| 25:13 | Research | Heavy Plow |
| 25:42 | Create | Villager (Male) |
| 25:43 | Create | Villager (Male) ×3 |
| 26:26 | Create | Villager (Male) |
| 26:27 | Create | Conquistador |
| 26:30 | Create | Battering Ram |
| 26:34 | Build | Farm |
| 26:34 | Build | Farm |
| 26:34 | Build | Farm |
| 26:35 | Build | Farm |
| 26:35 | Build | Farm |
| 26:41 | Create | Villager (Male) |
| 26:46 | Build | Farm |
| 26:46 | Build | Farm |
| 27:01 | Create | Battering Ram |
| 27:21 | Create | Battering Ram |
| 27:24 | Create | Petard |
| 27:29 | Create | Villager (Male) ×5 |
| 27:31 | Build | House |
| 27:33 | Build | House |
| 27:40 | Create | Villager (Male) |
| 27:46 | Build | Farm |
| 27:47 | Build | Farm |
| 27:52 | Create | Petard |
| 27:57 | Create | Battering Ram |
| 28:08 | Build | Farm |
| 28:14 | Build | Farm |
| 28:28 | Create | Battering Ram |
| 28:51 | Research | Hand Cart |
Build order — Longlonglong
First 150 of 225 actions detected
| 0:02 | Build | House |
| 0:04 | Build | House |
| 0:05 | Create | Villager (Male) |
| 0:05 | Create | Villager (Male) |
| 0:06 | Create | Villager (Male) |
| 0:16 | Create | Villager (Male) |
| 0:16 | Create | Villager (Male) |
| 2:01 | Build | Mining Camp |
| 2:23 | Create | Villager (Male) |
| 2:23 | Create | Villager (Male) |
| 3:13 | Create | Villager (Male) |
| 3:13 | Create | Villager (Male) |
| 3:13 | Create | Villager (Male) |
| 4:36 | Create | Villager (Male) |
| 4:36 | Create | Villager (Male) |
| 4:36 | Create | Villager (Male) |
| 4:36 | Create | Villager (Male) |
| 5:00 | Create | Villager (Male) |
| 5:56 | Build | House |
| 6:43 | Build | Lumber Camp |
| 6:58 | Create | Villager (Male) |
| 6:58 | Create | Villager (Male) |
| 7:43 | Build | House |
| 8:22 | Build | Mill |
| 8:28 | Create | Villager (Male) |
| 8:28 | Create | Villager (Male) |
| 8:38 | Create | Villager (Male) |
| 9:12 | Create | Villager (Male) |
| 9:27 | Build | Mining Camp |
| 9:32 | Create | Villager (Male) |
| 9:40 | Build | House |
| 9:41 | Build | House |
| 10:17 | Create | Villager (Male) |
| 10:18 | Create | Villager (Male) |
| 10:37 | Build | House |
| 10:40 | Build | Farm |
| 11:11 | Build | Farm |
| 11:19 | Research | Feudal Age |
| 11:26 | Build | Farm |
| 11:41 | Build | Farm |
| 13:33 | Age | Feudal Age |
| 13:34 | Create | Villager (Male) |
| 13:41 | Build | Farm |
| 13:43 | Build | Farm |
| 13:45 | Build | Farm |
| 13:51 | Build | Farm |
| 13:55 | Build | Farm |
| 14:05 | Create | Villager (Male) |
| 14:07 | Build | Farm |
| 14:10 | Research | Horse Collar |
| 14:16 | Research | Double-Bit Axe |
| 14:27 | Create | Villager (Male) |
| 14:34 | Build | Farm |
| 14:56 | Create | Villager (Male) |
| 15:00 | Build | Farm |
| 15:20 | Build | Blacksmith |
| 15:23 | Research | Castle Age |
| 15:39 | Research | Double-Bit Axe |
| 16:08 | Build | Market |
| 17:05 | Build | House |
| 17:07 | Build | House |
| 17:54 | Build | House |
| 18:03 | Age | Castle Age |
| 18:08 | Build | Town Center |
| 18:10 | Create | Villager (Male) |
| 18:11 | Create | Villager (Male) |
| 18:30 | Create | Villager (Male) |
| 18:56 | Build | House |
| 18:57 | Build | House |
| 19:00 | Create | Villager (Male) |
| 19:00 | Create | Villager (Male) |
| 19:20 | Create | Villager (Male) |
| 19:27 | Create | Villager (Male) |
| 19:28 | Create | Villager (Male) |
| 19:41 | Build | Stable |
| 19:44 | Create | Villager (Male) |
| 19:45 | Create | Villager (Male) |
| 19:45 | Create | Villager (Male) |
| 19:54 | Create | Villager (Male) |
| 19:54 | Create | Villager (Male) |
| 20:02 | Create | Villager (Male) |
| 20:08 | Build | House |
| 20:10 | Build | House |
| 20:13 | Create | Villager (Male) |
| 20:14 | Create | Villager (Male) |
| 20:14 | Create | Villager (Male) |
| 20:28 | Build | Farm |
| 20:28 | Build | Farm |
| 20:28 | Build | Farm |
| 20:29 | Build | Farm |
| 20:29 | Build | Farm |
| 20:30 | Build | Farm |
| 20:59 | Create | Villager (Male) |
| 21:00 | Create | Villager (Male) |
| 21:14 | Build | Farm |
| 21:18 | Build | House |
| 21:19 | Build | House |
| 21:31 | Create | Villager (Male) |
| 21:32 | Create | Villager (Male) |
| 21:35 | Build | Farm |
| 21:47 | Create | Villager (Male) |
| 21:48 | Create | Villager (Male) |
| 22:00 | Build | Farm |
| 22:04 | Build | Farm |
| 22:35 | Build | Town Center |
| 22:45 | Build | Farm |
| 22:47 | Build | Farm |
| 22:52 | Create | Villager (Male) |
| 22:53 | Create | Villager (Male) |
| 22:53 | Create | Villager (Male) |
| 22:55 | Create | Battle Elephant |
| 22:55 | Create | Battle Elephant |
| 23:08 | Build | Farm |
| 23:19 | Research | Bow Saw |
| 23:22 | Create | Villager (Male) |
| 23:22 | Create | Villager (Male) |
| 23:22 | Create | Villager (Male) |
| 23:22 | Create | Villager (Male) |
| 23:37 | Research | Gold Mining |
| 23:39 | Research | Stone Mining |
| 23:40 | Create | Villager (Male) |
| 23:40 | Create | Villager (Male) |
| 23:53 | Create | Villager (Male) |
| 23:54 | Create | Villager (Male) |
| 23:54 | Create | Villager (Male) |
| 23:54 | Create | Villager (Male) |
| 24:05 | Build | Farm |
| 24:07 | Create | Villager (Male) |
| 24:07 | Create | Villager (Male) |
| 24:08 | Create | Villager (Male) |
| 24:21 | Research | Heavy Plow |
| 24:32 | Build | Monastery |
| 24:44 | Build | Gate |
| 24:52 | Create | Battle Elephant |
| 24:52 | Create | Battle Elephant |
| 24:52 | Create | Battle Elephant |
| 26:00 | Create | Villager (Male) |
| 26:00 | Create | Villager (Male) |
| 26:13 | Create | Villager (Male) |
| 26:19 | Build | Farm |
| 26:21 | Build | Farm |
| 26:22 | Build | Farm |
| 26:30 | Build | Farm |
| 26:30 | Build | Farm |
| 26:30 | Build | Farm |
| 26:30 | Build | Farm |
| 26:31 | Build | Farm |
| 26:31 | Build | Farm |
| 26:31 | Build | Farm |
| 26:31 | Build | Farm |
Build order — henryouyang716
First 150 of 376 actions detected
| 0:02 | Create | Villager (Male) |
| 0:03 | Create | Villager (Male) |
| 0:03 | Create | Villager (Male) |
| 0:04 | Create | Villager (Male) |
| 0:04 | Create | Villager (Male) |
| 0:06 | Build | House |
| 0:08 | Build | House |
| 1:47 | Create | Villager (Male) |
| 1:48 | Create | Villager (Male) |
| 1:48 | Create | Villager (Male) |
| 2:17 | Build | Lumber Camp |
| 2:34 | Create | Villager (Male) |
| 2:34 | Create | Villager (Male) |
| 2:35 | Create | Villager (Male) |
| 3:33 | Create | Villager (Male) |
| 3:34 | Create | Villager (Male) |
| 3:41 | Build | House |
| 3:43 | Build | House |
| 4:05 | Create | Villager (Male) |
| 4:06 | Create | Villager (Male) |
| 4:06 | Create | Villager (Male) |
| 4:29 | Build | House |
| 5:41 | Create | Villager (Male) |
| 5:41 | Create | Villager (Male) |
| 5:52 | Create | Villager (Male) |
| 5:52 | Create | Villager (Male) |
| 5:53 | Create | Villager (Male) |
| 5:53 | Create | Villager (Male) |
| 6:20 | Build | Mill |
| 6:23 | Create | Villager (Male) |
| 7:32 | Create | Villager (Male) |
| 7:45 | Create | Villager (Male) |
| 7:45 | Create | Villager (Male) |
| 8:16 | Build | Mining Camp |
| 9:02 | Research | Feudal Age |
| 9:31 | Create | Villager (Male) |
| 9:32 | Create | Villager (Male) |
| 10:41 | Build | Farm |
| 10:48 | Build | Farm |
| 11:07 | Build | Farm |
| 11:36 | Age | Feudal Age |
| 11:38 | Build | Blacksmith |
| 11:41 | Build | Market |
| 12:08 | Build | Lumber Camp |
| 12:19 | Build | House |
| 12:21 | Research | Castle Age |
| 12:22 | Research | Castle Age |
| 12:32 | Build | Farm |
| 12:39 | Build | Farm |
| 13:09 | Build | House |
| 13:12 | Research | Double-Bit Axe |
| 13:13 | Research | Double-Bit Axe |
| 13:39 | Create | Villager (Male) |
| 13:39 | Create | Villager (Male) |
| 13:50 | Research | Horse Collar |
| 13:51 | Research | Horse Collar |
| 13:57 | Build | House |
| 13:58 | Build | House |
| 14:04 | Build | Farm |
| 14:13 | Build | Farm |
| 14:28 | Build | Farm |
| 14:50 | Build | House |
| 15:02 | Create | Villager (Male) |
| 15:06 | Age | Castle Age |
| 15:09 | Build | Town Center |
| 15:19 | Create | Villager (Male) |
| 15:30 | Build | House |
| 15:32 | Build | House |
| 16:16 | Create | Villager (Male) |
| 16:18 | Build | House |
| 16:24 | Build | Town Center |
| 16:27 | Create | Villager (Male) |
| 16:30 | Create | Villager (Male) |
| 16:30 | Create | Villager (Male) |
| 16:30 | Create | Villager (Male) |
| 16:35 | Build | Farm |
| 16:36 | Build | Farm |
| 16:42 | Create | Villager (Male) |
| 16:52 | Build | Farm |
| 17:10 | Build | Lumber Camp |
| 17:13 | Build | House |
| 17:14 | Build | House |
| 17:18 | Build | House |
| 17:22 | Create | Villager (Male) |
| 17:33 | Create | Villager (Male) |
| 17:39 | Build | Farm |
| 17:44 | Create | Villager (Male) |
| 17:45 | Create | Villager (Male) |
| 17:46 | Create | Villager (Male) |
| 17:46 | Create | Villager (Male) |
| 18:03 | Create | Villager (Male) |
| 18:08 | Build | Farm |
| 18:14 | Create | Villager (Male) |
| 18:15 | Create | Villager (Male) |
| 18:15 | Create | Villager (Male) |
| 18:18 | Create | Villager (Male) |
| 18:38 | Build | House |
| 18:41 | Create | Villager (Male) |
| 18:57 | Create | Villager (Male) |
| 18:59 | Create | Villager (Male) |
| 18:59 | Create | Villager (Male) |
| 19:01 | Create | Villager (Male) |
| 19:01 | Create | Villager (Male) |
| 19:10 | Build | Monastery |
| 19:14 | Create | Villager (Male) |
| 19:22 | Build | Farm |
| 19:23 | Build | Farm |
| 19:28 | Build | Farm |
| 19:32 | Create | Villager (Male) |
| 19:32 | Create | Villager (Male) |
| 19:36 | Build | Farm |
| 19:37 | Build | Farm |
| 19:39 | Build | Farm |
| 19:43 | Create | Villager (Male) |
| 19:44 | Create | Villager (Male) |
| 19:51 | Build | Town Center |
| 20:00 | Build | House |
| 20:05 | Create | Monk |
| 20:27 | Create | Villager (Male) |
| 20:27 | Create | Villager (Male) |
| 20:29 | Create | Villager (Male) |
| 20:30 | Create | Villager (Male) |
| 20:35 | Build | Farm |
| 20:36 | Build | Farm |
| 20:38 | Build | Farm |
| 20:39 | Build | Farm |
| 20:40 | Build | Farm |
| 20:42 | Build | Mill |
| 20:53 | Build | House |
| 20:58 | Create | Villager (Male) |
| 20:58 | Create | Villager (Male) |
| 21:04 | Create | Villager (Male) |
| 21:08 | Create | Villager (Male) |
| 21:08 | Create | Villager (Male) |
| 21:09 | Create | Villager (Male) |
| 21:23 | Build | University |
| 21:30 | Create | Villager (Male) |
| 21:30 | Create | Villager (Male) |
| 21:30 | Create | Villager (Male) |
| 21:47 | Create | Villager (Male) |
| 21:48 | Create | Villager (Male) |
| 21:50 | Create | Villager (Male) |
| 21:50 | Create | Villager (Male) |
| 22:00 | Build | Farm |
| 22:02 | Build | Farm |
| 22:03 | Build | Farm |
| 22:06 | Create | Villager (Male) |
| 22:07 | Create | Villager (Male) |
| 22:09 | Create | Villager (Male) |
| 22:11 | Create | Villager (Male) |
Build order — Haven
First 150 of 547 actions detected
| 0:05 | Build | House |
| 0:06 | Build | House |
| 0:14 | Create | Villager (Male) |
| 0:14 | Create | Villager (Male) |
| 0:19 | Create | Villager (Male) |
| 0:19 | Create | Villager (Male) |
| 0:19 | Create | Villager (Male) |
| 0:20 | Create | Villager (Male) |
| 1:28 | Create | Villager (Male) |
| 1:28 | Create | Villager (Male) |
| 1:28 | Create | Villager (Male) |
| 1:57 | Build | Lumber Camp |
| 2:13 | Create | Villager (Male) |
| 2:13 | Create | Villager (Male) |
| 2:13 | Create | Villager (Male) |
| 2:35 | Create | Villager (Male) |
| 2:35 | Create | Villager (Male) |
| 2:56 | Create | Villager (Male) |
| 2:56 | Create | Villager (Male) |
| 2:57 | Create | Villager (Male) |
| 3:12 | Build | House |
| 3:14 | Build | House |
| 3:21 | Create | Villager (Male) |
| 3:21 | Create | Villager (Male) |
| 3:30 | Create | Villager (Male) |
| 3:31 | Create | Villager (Male) |
| 3:31 | Create | Villager (Male) |
| 4:00 | Create | Villager (Male) |
| 4:00 | Create | Villager (Male) |
| 4:28 | Build | Mill |
| 4:41 | Create | Villager (Male) |
| 4:41 | Create | Villager (Male) |
| 4:41 | Create | Villager (Male) |
| 4:42 | Create | Villager (Male) |
| 4:42 | Create | Villager (Male) |
| 6:04 | Create | Villager (Male) |
| 6:04 | Create | Villager (Male) |
| 6:05 | Create | Villager (Male) |
| 6:08 | Create | Villager (Male) |
| 6:13 | Create | Villager (Male) |
| 6:13 | Create | Villager (Male) |
| 6:13 | Create | Villager (Male) |
| 6:14 | Create | Villager (Male) |
| 6:24 | Create | Villager (Male) |
| 6:24 | Create | Villager (Male) |
| 7:00 | Build | Farm |
| 7:22 | Build | Farm |
| 7:48 | Build | Farm |
| 8:15 | Build | Farm |
| 8:27 | Research | Feudal Age |
| 8:27 | Research | Feudal Age |
| 8:28 | Research | Feudal Age |
| 8:38 | Build | Mining Camp |
| 9:10 | Create | Villager (Male) |
| 9:10 | Create | Villager (Male) |
| 9:37 | Build | House |
| 11:09 | Age | Feudal Age |
| 11:13 | Build | Market |
| 11:16 | Build | Blacksmith |
| 11:25 | Research | Double-Bit Axe |
| 11:25 | Research | Double-Bit Axe |
| 11:50 | Create | Villager (Male) |
| 12:01 | Research | Castle Age |
| 12:02 | Research | Castle Age |
| 12:02 | Research | Castle Age |
| 12:11 | Build | House |
| 12:16 | Build | Farm |
| 12:28 | Research | Horse Collar |
| 12:29 | Research | Horse Collar |
| 12:59 | Build | Farm |
| 13:02 | Create | Villager (Male) |
| 13:29 | Build | Farm |
| 13:37 | Create | Villager (Male) |
| 14:41 | Age | Castle Age |
| 14:42 | Research | Bow Saw |
| 14:42 | Research | Bow Saw |
| 14:42 | Research | Bow Saw |
| 14:48 | Build | Town Center |
| 14:51 | Build | Town Center |
| 14:54 | Research | Heavy Plow |
| 14:54 | Research | Heavy Plow |
| 14:58 | Build | Farm |
| 15:00 | Create | Villager (Male) |
| 15:10 | Build | Farm |
| 15:13 | Create | Villager (Male) |
| 15:28 | Build | Farm |
| 15:29 | Build | Farm |
| 15:34 | Build | Farm |
| 15:41 | Create | Villager (Male) |
| 16:09 | Create | Villager (Male) |
| 16:11 | Build | Farm |
| 16:13 | Build | Farm |
| 16:21 | Create | Villager (Male) |
| 16:27 | Create | Villager (Male) |
| 16:27 | Create | Villager (Male) |
| 16:33 | Create | Villager (Male) |
| 16:37 | Build | House |
| 16:38 | Build | House |
| 16:43 | Create | Villager (Male) |
| 17:02 | Build | Farm |
| 17:12 | Research | Wheelbarrow |
| 17:12 | Research | Wheelbarrow |
| 17:12 | Research | Wheelbarrow |
| 17:15 | Create | Villager (Male) |
| 17:16 | Create | Villager (Male) |
| 17:28 | Build | Farm |
| 17:29 | Create | Villager (Male) |
| 17:43 | Build | Farm |
| 17:46 | Build | Farm |
| 17:56 | Create | Villager (Male) |
| 17:57 | Create | Villager (Male) |
| 17:57 | Create | Villager (Male) |
| 18:07 | Build | Farm |
| 18:15 | Build | House |
| 18:24 | Build | Farm |
| 18:25 | Build | Farm |
| 18:26 | Build | Farm |
| 18:29 | Create | Villager (Male) |
| 18:29 | Create | Villager (Male) |
| 18:29 | Create | Villager (Male) |
| 18:30 | Create | Villager (Male) |
| 18:30 | Create | Villager (Male) |
| 18:30 | Create | Villager (Male) |
| 18:43 | Create | Villager (Male) |
| 18:53 | Build | House |
| 18:53 | Build | House |
| 19:09 | Build | Town Center |
| 19:14 | Create | Villager (Male) |
| 19:14 | Create | Villager (Male) |
| 19:22 | Build | House |
| 19:26 | Create | Villager (Male) |
| 19:26 | Create | Villager (Male) |
| 19:44 | Create | Villager (Male) |
| 19:44 | Create | Villager (Male) |
| 19:44 | Create | Villager (Male) |
| 19:53 | Create | Villager (Male) |
| 20:03 | Build | Siege Workshop |
| 20:09 | Build | House |
| 20:25 | Build | Farm |
| 20:27 | Build | Farm |
| 20:30 | Build | Farm |
| 20:34 | Build | House |
| 20:36 | Create | Villager (Male) |
| 20:37 | Create | Villager (Male) |
| 20:39 | Create | Villager (Male) |
| 20:41 | Create | Villager (Male) |
| 20:46 | Research | Wheelbarrow |
| 20:46 | Research | Wheelbarrow |
| 20:46 | Research | Wheelbarrow |
| 20:46 | Create | Villager (Male) |
Build order — aj180497
First 150 of 221 actions detected
| 0:03 | Create | Villager (Male) |
| 0:03 | Create | Villager (Male) |
| 0:03 | Create | Villager (Male) |
| 0:05 | Build | House |
| 0:06 | Build | House |
| 0:11 | Create | Villager (Male) |
| 0:11 | Create | Villager (Male) |
| 1:31 | Create | Villager (Male) |
| 1:32 | Create | Villager (Male) |
| 2:17 | Build | Lumber Camp |
| 2:18 | Create | Villager (Male) |
| 2:19 | Create | Villager (Male) |
| 2:27 | Create | Villager (Male) |
| 2:27 | Create | Villager (Male) |
| 3:08 | Create | Villager (Male) |
| 3:08 | Create | Villager (Male) |
| 3:09 | Create | Villager (Male) |
| 4:06 | Build | House |
| 4:08 | Build | House |
| 4:10 | Build | House |
| 4:41 | Build | Mill |
| 4:44 | Create | Villager (Male) |
| 5:04 | Create | Villager (Male) |
| 5:05 | Create | Villager (Male) |
| 5:24 | Create | Villager (Male) |
| 5:51 | Create | Villager (Male) |
| 6:05 | Create | Villager (Male) |
| 6:05 | Create | Villager (Male) |
| 6:18 | Create | Villager (Male) |
| 6:32 | Build | Farm |
| 6:33 | Build | Farm |
| 6:33 | Build | Farm |
| 6:52 | Create | Villager (Male) |
| 7:52 | Create | Villager (Male) |
| 8:47 | Build | Farm |
| 9:00 | Build | Mining Camp |
| 9:20 | Create | Villager (Male) |
| 9:40 | Build | Mining Camp |
| 9:54 | Create | Villager (Male) |
| 10:28 | Create | Villager (Male) |
| 10:41 | Research | Feudal Age |
| 12:27 | Build | Barracks |
| 12:35 | Create | Villager (Male) |
| 12:35 | Create | Villager (Male) |
| 13:03 | Age | Feudal Age |
| 13:12 | Build | Market |
| 13:13 | Research | Double-Bit Axe |
| 13:23 | Build | Blacksmith |
| 13:36 | Create | Villager (Male) |
| 13:50 | Research | Loom |
| 14:08 | Research | Castle Age |
| 14:11 | Create | Spearman |
| 14:32 | Research | Horse Collar |
| 14:37 | Build | Farm |
| 14:37 | Build | Farm |
| 14:37 | Build | Farm |
| 14:39 | Build | Farm |
| 14:57 | Create | Spearman |
| 15:06 | Build | House |
| 15:08 | Build | House |
| 15:09 | Build | House |
| 15:45 | Create | Spearman |
| 15:48 | Create | Spearman |
| 16:44 | Create | Villager (Male) |
| 16:46 | Create | Villager (Male) |
| 16:51 | Build | Farm |
| 16:51 | Build | Farm |
| 16:58 | Age | Castle Age |
| 17:03 | Create | Villager (Male) |
| 17:07 | Build | Town Center |
| 17:09 | Create | Villager (Male) |
| 17:13 | Research | Bow Saw |
| 17:26 | Build | Siege Workshop |
| 17:52 | Build | Farm |
| 17:52 | Build | Farm |
| 17:53 | Build | Farm |
| 17:54 | Create | Villager (Male) |
| 18:06 | Create | Battering Ram |
| 18:35 | Create | Villager (Male) |
| 18:54 | Build | Castle |
| 19:06 | Create | Villager (Male) ×4 |
| 19:13 | Build | Farm |
| 19:14 | Build | Farm |
| 19:14 | Build | Farm |
| 19:14 | Build | Farm |
| 19:39 | Build | Farm |
| 20:00 | Build | Farm |
| 20:01 | Build | Farm |
| 20:01 | Build | Farm |
| 20:02 | Build | Farm |
| 20:05 | Create | Villager (Male) |
| 20:05 | Create | Villager (Male) |
| 20:10 | Build | Farm |
| 20:10 | Build | Farm |
| 20:10 | Build | Farm |
| 20:11 | Build | Farm |
| 20:11 | Build | Farm |
| 20:13 | Create | Villager (Male) |
| 20:13 | Create | Villager (Male) |
| 20:46 | Create | Villager (Male) |
| 20:48 | Create | Villager (Male) |
| 20:48 | Create | Villager (Male) |
| 21:25 | Build | House |
| 21:26 | Build | House |
| 21:27 | Build | House |
| 21:46 | Create | Villager (Male) |
| 21:47 | Create | Villager (Male) |
| 21:47 | Create | Villager (Male) |
| 21:48 | Create | Villager (Male) |
| 21:58 | Build | Town Center |
| 22:02 | Create | Villager (Male) |
| 22:02 | Create | Villager (Male) |
| 22:07 | Create | Villager (Male) |
| 22:09 | Create | Villager (Male) |
| 22:09 | Create | Villager (Male) |
| 22:26 | Create | Woad Raider |
| 22:27 | Create | Woad Raider |
| 22:45 | Build | Farm |
| 22:50 | Build | Farm |
| 22:56 | Build | Farm |
| 22:57 | Build | Farm |
| 22:57 | Build | Farm |
| 22:57 | Build | Farm |
| 22:58 | Build | Farm |
| 23:01 | Create | Villager (Male) |
| 23:04 | Build | Farm |
| 23:04 | Build | Farm |
| 23:04 | Build | Farm |
| 23:06 | Create | Villager (Male) |
| 23:07 | Create | Villager (Male) |
| 23:09 | Create | Villager (Male) |
| 23:09 | Create | Villager (Male) |
| 23:18 | Create | Villager (Male) |
| 24:16 | Create | Villager (Male) |
| 24:16 | Create | Villager (Male) |
| 24:18 | Create | Villager (Male) |
| 26:22 | Research | Imperial Age |
| 26:28 | Create | Villager (Male) ×5 |
| 26:32 | Research | Wheelbarrow |
| 26:33 | Research | Town Watch |
| 26:34 | Create | Villager (Male) ×3 |
| 26:38 | Research | Scale Mail Armor |
| 27:19 | Create | Battering Ram |
| 27:20 | Create | Battering Ram |
| 27:36 | Build | Siege Workshop |
| 27:37 | Build | Siege Workshop |
| 28:06 | Research | Scale Mail Armor |
| 28:07 | Research | Forging |
| 28:09 | Create | Woad Raider ×5 |
| 29:32 | Age | Imperial Age |
Match timeline
| 10:42 | white0210 · age_up feudal |
| 11:09 | Haven · age_up feudal |
| 11:12 | Al3tas0 · age_up feudal |
| 11:19 | zack · age_up feudal |
| 11:29 | chan pee · age_up feudal |
| 11:36 | henryouyang716 · age_up feudal |
| 12:27 | aj180497 · first_building Barracks |
| 13:03 | aj180497 · age_up feudal |
| 13:33 | Longlonglong · age_up feudal |
| 13:34 | zack · first_building Barracks |
| 14:33 | white0210 · age_up castle |
| 14:41 | Haven · age_up castle |
| 14:42 | zack · first_building Archery Range |
| 15:06 | henryouyang716 · age_up castle |
| 15:06 | chan pee · age_up castle |
| 15:14 | white0210 · first_building Monastery |
| 15:27 | white0210 · first_market_buy 100 stone |
| 15:33 | white0210 · first_building Castle |
| 16:22 | Al3tas0 · age_up castle |
| 16:25 | zack · age_up castle |
| 16:58 | aj180497 · age_up castle |
| 17:10 | chan pee · first_building Siege Workshop |
| 17:26 | aj180497 · first_building Siege Workshop |
| 17:33 | zack · first_building Siege Workshop |
| 18:03 | Longlonglong · age_up castle |
| 18:04 | Al3tas0 · first_market_buy 100 food |
| 18:05 | white0210 · first_market_sell 100 stone |
| 18:38 | zack · first_building Monastery |
| 18:54 | aj180497 · first_building Castle |
| 19:10 | henryouyang716 · first_building Monastery |
| 19:27 | Al3tas0 · first_building Barracks |
| 19:41 | Longlonglong · first_building Stable |
| 19:52 | zack · first_building Castle |
| 20:03 | Haven · first_building Siege Workshop |
| 20:42 | white0210 · first_building Siege Workshop |
| 20:43 | Al3tas0 · first_building Stable |
| 21:23 | chan pee · first_building Castle |
| 22:25 | chan pee · first_building Monastery |
| 23:09 | Al3tas0 · first_building Castle |
| 23:26 | Al3tas0 · first_building Monastery |
| 24:23 | aj180497 · first_market_sell 500 wood |
| 24:25 | henryouyang716 · first_building Barracks |
| 24:30 | Haven · first_building Castle |
| 24:32 | Longlonglong · first_building Monastery |
| 24:46 | chan pee · first_building Barracks |
| 25:08 | henryouyang716 · first_building Stable |
| 25:49 | Haven · first_building Barracks |
| 26:09 | Al3tas0 · first_building Archery Range |
| 26:45 | Haven · first_building Archery Range |
| 27:48 | zack · wall_segment Stone Wall x1 |
| 28:18 | Haven · first_building Stable |
| 28:27 | henryouyang716 · first_building Castle |
| 28:40 | henryouyang716 · age_up imperial |
| 28:42 | chan pee · first_market_sell 100 wood |
| 29:07 | Al3tas0 · age_up imperial |
| 29:19 | Al3tas0 · first_market_sell 500 stone |
| 29:32 | Haven · age_up imperial |
| 29:32 | aj180497 · age_up imperial |
| 29:48 | chan pee · first_building Stable |
| 29:58 | Haven · first_market_sell 100 food |
| 30:01 | Longlonglong · wall_segment Stone Wall x2 |
| 30:07 | Longlonglong · wall_segment Stone Wall x3 |
| 30:18 | zack · wall_segment Stone Wall x2 |
| 31:11 | zack · resign |
| 31:21 | henryouyang716 · wall_segment Stone Wall x10 |
| 32:09 | chan pee · age_up imperial |
| 34:02 | white0210 · first_building Barracks |
| 34:30 | white0210 · age_up imperial |
| 35:33 | white0210 · first_building Archery Range |
| 36:40 | chan pee · first_market_buy 100 food |
| 38:42 | chan pee · first_building Archery Range |
[ AI ANALYSIS · 1 CREDIT ]
What really happened in this match?
Wolo.gg analyzes every decision: build order, eco, micro, common mistakes by bracket. Personalized analysis on WhatsApp or Discord in 30 seconds.
Civ guide
Aztecs
Map guide
Arena
Perfil
zack